 Dungeon Crawl Stone Soup version 0.31.0-32-g396128a36d (webtiles) character file.

Game seed: 4950649686531964744

3391 spaghetti the Summoner (level 10, -17/44 HPs)
             Began as a Vine Stalker Summoner on Mar 13, 2024.
             Was a Plaything of Xom.
             Demolished by a nameless horror (28 damage)
             ... created by miscasting Monstrous Menagerie
             ... on level 8 of the Dungeon.
             The game lasted 00:15:16 (8912 turns).

spaghetti the Summoner (Vine Stalker Summoner)      Turns: 8912, Time: 00:15:17

Health: -17/44     AC:  8    Str: 14    XL:     10   Next: 4%
Magic:  0/20       EV: 17    Int: 17    God:    Xom [......]
Gold:   252        SH:  5    Dex: 20    Spells: 3/21 levels left

rFire   + . .        G - +2 dagger (venom)
rCold   . . .        (no shield)
rNeg    . . .        a - +0 robe
rPois   .            k - +2 hat
rElec   .            (no cloak)
rCorr   .            d - +1 pair of gloves
SInv    .            (no boots)
Will    +....        o - amulet of reflection
Stlth   +++          m - +5 ring of evasion
HPRegen 1.07/turn    l - ring of wizardry
MPRegen 0.17/turn

%: reflection, clarity, guardian spirit, wizardry (x1)
@: lethally poisoned (-17 -> -23), very slightly contaminated
A: fangs 3, regeneration 1, magic shield, antimagic bite, no potion heal 2,
horns 1, iridescent scales 1, thin skeletal structure 1, agile 1, clarity, fire
resistance 1, mutation resistance 1, passive freeze, strong 1, wild magic 1,
MP-powered wands
a: Renounce Religion


You were on level 8 of the Dungeon.
You worshipped Xom.
You were a very special plaything of Xom.
You visited 1 branch of the dungeon, and saw 8 of its levels.
You also visited: Ossuary.

You collected 394 gold pieces.
You spent 142 gold pieces at shops.

Inventory:

Hand Weapons
 v - a +0 great mace
 G - a +2 dagger of venom (weapon)
Missiles
 x - a throwing net
 H - 3 javelins
Armour
 a - a +0 robe (worn)
 d - a +1 pair of gloves (worn)
 k - a +2 hat (worn)
Magical Staves
 g - a staff of fire
Jewellery
 j - a ring of see invisible
 l - a ring of wizardry (right hand)
 m - a +5 ring of evasion (left hand)
 o - an amulet of reflection (around neck)
 r - an amulet of magic regeneration
Wands
 p - a wand of digging (5)
 u - a wand of charming (13)
 C - a wand of acid (10)
 J - a wand of flame (1)
Scrolls
 c - 2 scrolls of vulnerability
 e - a scroll of blinking
 i - 4 scrolls of enchant weapon
 q - 2 scrolls of amnesia
 s - 3 scrolls of teleportation
 y - 2 scrolls of poison
 F - a scroll of immolation
 I - a scroll of fear
 K - a scroll of identify
Potions
 b - a potion of magic
 f - 6 potions of curing
 h - a potion of brilliance
 n - 2 potions of might
 t - a potion of berserk rage
 w - 2 potions of ambrosia
 z - 4 potions of invisibility
 A - 2 potions of cancellation
 B - a potion of mutation
 D - 2 potions of heal wounds {unknown}
 E - a potion of haste {unknown}


   Skills:
 - Level 1.5 Dodging
 - Level 2.4 Stealth
 - Level 6.0 Spellcasting
 - Level 5.0 Hexes
 + Level 11.0 Summonings
 - Level 5.0 Evocations


You had 3 spell levels left.
You knew the following spells:

 Your Spells              Type           Power      Damage    Failure   Level
a - Summon Small Mammal   Summ           100%       N/A       1%          1
b - Call Imp              Summ           100%       N/A       1%          2
c - Call Canine Familiar  Summ           53%        N/A       1%          3
d - Summon Mana Viper     Hex/Summ       42%        N/A       8%          5
e - Monstrous Menagerie   Summ           26%        N/A       47%         7

Your spell library contained the following spells:

 Spells                   Type           Power      Damage    Failure   Level
 Slow                     Hex            100%       N/A       1%          1
 Summon Ice Beast         Ice/Summ       30%        N/A       2%          3
 Confusing Touch          Hex            28%        N/A       3%          3
 Sigil of Binding         Hex            28%        N/A       3%          3
 Tukima's Dance           Hex            28%        N/A       3%          3
 Apportation              Tloc           12%        N/A       8%          1
 Necrotise                Necr           24%        1d5       8%          1
 Sting                    Conj/Alch      24%        1d4       8%          1
 Frozen Ramparts          Ice            12%        1d2       21%         3
 Vampiric Draining        Necr           6%         2d6       21%         3
 Summon Blazeheart Golem  Fire/Summ      30%        N/A       8%          4
 Summon Lightning Spire   Summ/Air       30%        N/A       8%          4
 Cause Fear               Hex            14%        N/A       9%          4
 Anguish                  Hex/Necr       8%         N/A       22%         4
 Dimensional Bullseye     Hex/Tloc       8%         N/A       22%         4
 Iskenderun's Mystic Bla  Conj/Tloc      6%         2d4       50%         4
 Leda's Liquefaction      Alch/Erth      3%         N/A       50%         4
 Petrify                  Alch/Erth      6%         N/A       50%         4
 Metabolic Englaciation   Hex/Ice        8%         N/A       50%         5
 Enfeeble                 Hex            14%        N/A       99%         7


Dungeon Overview and Level Annotations

Branches:
Dungeon (8/15)             Temple (0/1) D:4         Ossuary (visited)
   Lair: D:8-11

Altars:
Ashenzari
Elyvilon
Kikubaaqudgha
Qazlal
Ru
Trog
Vehumet
Wu Jian
Xom

Shops:
D:6 (*!

Annotations:
D:7 2 transporters, spaghetti's ghost, novice DsCK
D:8 Maggie


Innate Abilities, Weirdness & Mutations

You have razor-sharp teeth.
Your natural rate of healing is unusually fast.
When hurt, damage is shared between your health and your magic reserves.
Your bite disrupts and absorbs the magic of your enemies.
Potions cannot restore your health.
You have a pair of small horns on your head.
You are partially covered in iridescent scales. (AC +2)
You have a somewhat thin skeletal structure. (Dex +2, Stealth+)
You are agile. (Dex +4, Str/Int -1)
You possess an exceptional clarity of mind.
Your flesh is heat resistant. (rF+)
You are somewhat resistant to further mutation.
A frigid envelope surrounds you and freezes all who hurt you.
Your muscles are strong. (Str +4, Int/Dex -1)
Your spells are a little harder to cast, but a little more powerful.
You expend magic power (3 MP) to strengthen your wands.


Message History

Your water moccasin bites the nameless horror.
A wight comes into view. It is wielding a +3 dire flail.
Aiming: Charm
Press: ? - help, Shift-Dir - straight line, f/p - Maggie
Aim: Maggie, wielding a +1 scimitar of draining and wearing +0 acid dragon scales (lightly wounded, chance to affect: 62%) Maggie resists with significant effort.
Your water moccasin bites the nameless horror but does no damage.
The nameless horror hits you!!
Ouch! That really hurt!
* * * LOW HITPOINT WARNING * * *
The nameless horror is very cold.
The nameless horror is moderately damaged.
Maggie points at you and mumbles some strange words.
The bolt of fire misses you.
Aiming: Charm
Press: ? - help, Shift-Dir - straight line, f/p - Maggie
Aim: Maggie, wielding a +1 scimitar of draining and wearing +0 acid dragon scales (purple smoke, lightly wounded, chance to affect: 62%) Maggie is charmed.
Xom's power flows through you!
A swirling arc of seething chaos appears!
The arc of chaos hits your water moccasin.
Your water moccasin is lightly wounded.
The water moccasin is no longer charmed.
The arc of chaos hits the nameless horror.
The nameless horror is heavily damaged.
The arc of chaos hits the water moccasin.
The water moccasin's willpower is stripped away!
The arc of chaos hits the nameless horror but does no damage.
The nameless horror is heavily damaged.
You are now a very special plaything of Xom.
The water moccasin bites you.
* * * LOW HITPOINT WARNING * * *
You are poisoned.
The water moccasin poisons you!
The water moccasin is very cold.
The water moccasin seems to slow down.
The water moccasin is heavily wounded.
The nameless horror hits you!!
Ouch! That really hurt!
You die...
Xom cackles wildly!

... .....
... .. . ..
.... .. ...
.. .. ...##.
.... ... .
..#.##...
..#.
#....)..
#..##.§z.#
..##...#S§@#
......†.X@#
.........##
.#..#.....#
#. ##.####
##


You could see a nameless horror (ally target), a water moccasin (slow,
weak-willed), a wight and the friendly Maggie (charmed).

Vanquished Creatures
  An ice beast (D:5)
  2 phantoms
  An elf skeleton (D:6)
  4 nameless horrors
  An iguana (D:7)
  An orc wizard (D:6)
  4 gnolls
  2 adders (D:3)
  A ribbon worm (D:2)
  8 orcs
  4 bats
  3 endoplasms
  11 goblins
  4 hobgoblins
  A quokka (D:3)
  4 ball pythons
  4 frilled lizards
  2 kobolds (D:1)
  2 orc zombies (Ossuary)
  3 rats
63 creatures vanquished.

Vanquished Creatures (collateral kills)
  A two-headed ogre (D:7)
  A steam dragon (D:8)
  Duvessa (D:7)
  A sky beast (D:7)
  An ogre (D:6)
  A centaur (D:7)
  A phantom (D:6)
  A weeping skull (Ossuary)
  A bullfrog (D:6)
  3 elf zombies
  A scorpion (D:5)
  2 gnoll sergeants
  6 wights
  A burial acolyte (Ossuary)
  Dowan (D:7)
  A centaur zombie (Ossuary)
  A jelly (D:4)
  4 hounds
  A bombardier beetle (D:3)
  6 orc priests
  A gnoll bouda (D:5)
  A human skeleton (D:6)
  3 iguanas
  A sleepcap (D:6)
  An orc wizard (D:6)
  2 mummies (Ossuary)
  2 adders
  14 gnolls
  3 white imps (D:7)
  A dart slug (D:1)
  21 orcs
  A ball python (D:1)
  5 endoplasms
  3 giant cockroaches
  5 goblins
  2 hobgoblins (D:6)
  A quokka (D:4)
  2 frilled lizards
  2 gnoll zombies (Ossuary)
  7 kobolds
  2 kobold zombies (Ossuary)
  2 orc skeletons (D:6)
  A rat (D:3)
119 creatures vanquished.

Vanquished Creatures (others)
  A nameless horror (D:6)
1 creature vanquished.

Grand Total: 183 creatures vanquished

Notes
Turn   | Place    | Note
-------+----------+-------------------------------------------
     0 | D:1      | spaghetti the Vine Stalker Summoner began the quest for the
                  | Orb.
     0 | D:1      | Reached XP level 1. HP: 9/9 MP: 4/4
    35 | D:1      | Found a faded altar of an unknown god.
   120 | D:1      | Reached XP level 2. HP: 13/13 MP: 4/6
   136 | D:1      | Prayed at the altar of an unknown god.
   136 | D:1      | Became a worshipper of Xom of Chaos
   200 | D:1      | XOM: silly message
   459 | D:1      | XOM: silly message
  1095 | D:2      | XOM: butterfly on damage
  1096 | D:2      | Reached XP level 3. HP: 1/16 MP: 1/7
  1138 | D:3      | Reached skill level 5 in Summonings
  1139 | D:3      | XOM: smoke on damage
  1149 | D:3      | Learned a level 2 spell: Call Imp
  1153 | D:3      | Learned a level 3 spell: Call Canine Familiar
  1620 | D:2      | XOM: polymorph cerulean imp -> red devil
  1978 | D:3      | Reached XP level 4. HP: 21/21 MP: 3/8
  2070 | D:3      | Found a white marble altar of Elyvilon.
  2500 | D:3      | XOM: 8-stop teleportation journey
  2514 | D:3      | XOM: silly message
  2629 | D:3      | Found a broken altar of Ashenzari.
  2633 | D:3      | Found a sacrificial altar of Ru.
  2633 | D:3      | Found an ornate altar of the Wu Jian Council.
  2641 | D:3      | Found a stormy altar of Qazlal.
  2644 | D:3      | Found a radiant altar of Vehumet.
  2796 | D:3      | Found an ancient bone altar of Kikubaaqudgha.
  2817 | D:3      | Reached skill level 6 in Summonings
  2817 | D:3      | Reached XP level 5. HP: 24/24 MP: 4/9
  3101 | D:4      | Found a staircase to the Ecumenical Temple.
  3165 | D:4      | XOM: 1-stop teleportation journey
  3579 | D:4      | XOM: god gift: ring mail {god gift}
  3716 | D:4      | XOM: god gift: wand of charming (3)
  3956 | D:4      | XOM: give mutations
  3956 | D:4      | Gained mutation: You expend magic power (3 MP) to
                  | strengthen your wands. [Xom's grace]
  3956 | D:4      | Gained mutation: You are agile. (Dex +4, Str/Int -1) [Xom's
                  | grace]
  3956 | D:4      | Gained mutation: A frigid envelope surrounds you and
                  | freezes all who hurt you. [Xom's grace]
  4137 | D:5      | Entered Level 5 of the Dungeon
  4275 | D:5      | Reached skill level 1 in Evocations
  4348 | D:5      | Noticed a phantom
  4476 | D:5      | Learned a level 5 spell: Summon Mana Viper
  4518 | D:5      | Reached XP level 6. HP: 28/28 MP: 1/12
  4559 | D:5      | Reached skill level 1 in Hexes
  4683 | D:5      | Reached XP level 7. HP: 32/32 MP: 6/14
  4807 | D:5      | Reached skill level 5 in Spellcasting
  4964 | D:6      | Found Ycsimaq's Distillery.
  4976 | D:6      | Gained mutation: You have razor-sharp teeth. [Vine Stalker
                  | growth]
  4976 | D:6      | Reached XP level 8. HP: 36/36 MP: 5/17
  5018 | D:6      | Bought a potion of invisibility for 120 gold pieces
  5019 | D:6      | Found Luepikk's General Store.
  5048 | D:6      | Bought a scroll of identify for 22 gold pieces
  5220 | D:6      | XOM: cleaving
  5267 | D:6      | Reached skill level 5 in Hexes
  5267 | D:6      | Reached skill level 5 in Evocations
  5269 | D:6      | Found a sand-covered staircase.
  5283 | Ossuary  | Entered an ossuary
  5373 | Ossuary  | XOM: god gift: 31 gold pieces
  5453 | Ossuary  | Reached skill level 7 in Summonings
  5453 | Ossuary  | Reached XP level 9. HP: 39/39 MP: 10/19
  5586 | Ossuary  | XOM: god gift: wand of acid (3)
  5871 | D:6      | Learned a level 7 spell: Monstrous Menagerie
  5951 | D:6      | XOM: give mutations
  5951 | D:6      | Gained mutation: You are very agile. (Dex +8, Str/Int -2)
                  | [Xom's grace]
  5951 | D:6      | Gained mutation: Your spells are a little harder to cast,
                  | but a little more powerful. [Xom's grace]
  5951 | D:6      | Gained mutation: Your muscles are strong. (Str +4, Int/Dex
                  | -1) [Xom's grace]
  5951 | D:6      | Gained mutation: Your muscles are very strong. (Str +8,
                  | Int/Dex -2) [Xom's grace]
  6170 | D:6      | XOM: give mutations
  6170 | D:6      | Gained mutation: You are partially covered in iridescent
                  | scales. (AC +2) [Xom's grace]
  6170 | D:6      | Gained mutation: You have a pair of small horns on your
                  | head. [Xom's grace]
  6170 | D:6      | Gained mutation: You possess an exceptional clarity of
                  | mind. [Xom's grace]
  6223 | D:6      | Found Lohym's Weapon Shop.
  6496 | D:6      | XOM is BORED!
  6496 | D:6      | XOM: give mutations
  6496 | D:6      | Gained mutation: Your magical capacity is low. (-10% MP)
                  | [Xom's mischief]
  6496 | D:6      | Lost mutation: You are very agile. (Dex +8, Str/Int -2)
                  | [Xom's mischief]
  6496 | D:6      | Lost mutation: Your magical capacity is low. (-10% MP)
                  | [Xom's mischief]
  6496 | D:6      | Lost mutation: Your muscles are very strong. (Str +8,
                  | Int/Dex -2) [Xom's mischief]
  6554 | D:6      | XOM: god gift: 3 javelins
  6688 | D:6      | XOM: scenery: 2 doors close
  6861 | D:7      | Noticed a two-headed ogre
  6869 | D:7      | Killed a two-headed ogre
  6870 | D:7      | Reached skill level 9 in Summonings
  6948 | D:7      | Found a transporter.
  6957 | D:7      | XOM: give mutation
  6957 | D:7      | Gained mutation: Your flesh is heat resistant. (rF+) [Xom's
                  | grace]
  7556 | D:7      | Found a transporter.
  7556 | D:7      | Noticed a troll
  7562 | D:7      | Found a bloodstained altar of Trog.
  7562 | D:7      | Noticed spaghetti's ghost (novice DsCK)
  7563 | D:7      | Noticed a moth of wrath
  7592 | D:7      | Noticed Dowan
  7593 | D:7      | Noticed Duvessa
  7602 | D:7      | Killed Dowan
  7603 | D:7      | Reached skill level 10 in Summonings
  7610 | D:7      | Killed Duvessa
  7770 | D:7      | XOM: give mutations
  7770 | D:7      | Gained mutation: You are somewhat resistant to further
                  | mutation. [Xom's grace]
  7770 | D:7      | Gained mutation: You have a somewhat thin skeletal
                  | structure. (Dex +2, Stealth+) [Xom's grace]
  7848 | D:7      | Noticed a nameless horror
  7857 | D:7      | XOM: smoke on damage
  7857 | D:7      | Killed a nameless horror
  7948 | D:7      | Noticed a nameless horror
  7956 | D:7      | Killed a nameless horror
  8075 | D:7      | Noticed a nameless horror
  8076 | D:7      | Noticed a nameless horror
  8088 | D:6      | Killed a nameless horror
  8088 | D:6      | XOM: divine lightning
  8324 | D:7      | XOM: scenery: 1 doors open, 1 doors close
  8504 | D:7      | XOM: confuse monster(s)
  8557 | D:7      | XOM: cleaving
  8568 | D:6      | XOM: scenery: summon butterflies
  8665 | D:6      | XOM: cloud trail
  8863 | D:8      | Reached XP level 10. HP: 33/44 MP: 11/20
  8901 | D:8      | Noticed Maggie
  8903 | D:8      | Noticed a nameless horror
  8906 | D:8      | Reached skill level 11 in Summonings
  8912 | D:8      | XOM: cast spell 'Chain of Chaos'
  8912 | D:8      | Demolished by a nameless horror

Illustrated notes

Levels and vault maps discovered:
D:1:      minmay_arrival_shattered_statue, layout_basic,
          ebering_ecumenical_altar_abandoned, nicolae_hexahallways,
          grunt_decor_junction, minivault_4
D:2:      layout_rooms
D:3:      layout_basic, elyvilon_altar_4, minmay_overflow_temple_star_hex,
          mainiacjoe_overflow_chevrons
D:4:      layout_cave_pods, minmay_temple_entry_butterflies
D:5:      layout_rooms
D:6:      corexii_shantytown, layout_rooms, nicolae_ossuary_entry_catacombs,
          serial_shops, nicolae_shop_pleasant_corner_grove, shop, shop
D:7:      layout_gridville, gammafunk_ghost_wrathful_warriors, uniq_duvessa
D:8:      layout_layer_cave, due_lair_maze_entry_diamond,
          nicolae_wooded_promenade, nicolae_kite_square_tiling_tiny,
          uniq_maggie, uniq_jeremiah, uniq_erica, uniq_prince_ribbit1

Skill      XL: |  1  2  3  4  5  6  7  8  9 10 |
---------------+-------------------------------+-----
Summonings     | 5 6 7 10 11 | 11.0
Spellcasting   | 3 4 5 6 |  6.0
Evocations     | 1 2 3 5 |  5.0
Hexes          | 2 3 5 |  5.0
Dodging        | |  1.5
Stealth        | |  2.4

Action                     |  1- 3 |  4- 6 |  7- 9 | 10-12 || total
---------------------------+-------+-------+-------+-------++-------
  Melee: Unarmed           |   108 |    72 |    92 |       ||   272
         Bite              |    33 |    24 |    65 |       ||   122
         Punch             |     1 |       |     3 |       ||     4
         Dagger            |       |       |    41 |       ||    41
         Headbutt          |       |       |    12 |       ||    12
   Cast: Summon Small Mamm |    23 |     9 |    10 |       ||    42
         Call Imp          |    10 |    20 |     8 |       ||    38
         Call Canine Famil |     9 |    21 |    23 |     1 ||    54
         Summon Mana Viper |       |     2 |    45 |     1 ||    48
         Monstrous Menager |       |       |     3 |       ||     3
  Evoke: Wand              |       |     2 |     4 |     6 ||    12
    Use: Scroll            |     3 |     6 |     6 |       ||    15
         Potion            |     1 |     1 |       |       ||     2
   Stab: Sleeping          |     3 |       |     1 |       ||     4
         Distracted        |     1 |     1 |     2 |       ||     4
         Confused          |       |       |     1 |       ||     1
 Armour: Robe              |    59 |    21 |    58 |     3 ||   141
  Dodge: Dodged            |    68 |    58 |   105 |     2 ||   233
  Block: Other             |       |    11 |    22 |       ||    33
         Reflection        |       |       |     1 |       ||     1
